 Dungeon Crawl Stone Soup version 0.25-a0-975-gcae8493d64 (webtiles) character file.

Game seed: 9164935902006071747, levelgen mode: deterministic

445 Flugslaktarn the Chopper (level 6, -1/56 HPs)
             Began as a Minotaur Fighter on May 9, 2020.
             Slain by a phantom (5 damage)
             ... on level 4 of the Dungeon.
             The game lasted 00:00:47 (1819 turns).

Flugslaktarn the Chopper (Minotaur Fighter)         Turns: 1819, Time: 00:00:47

Health: -1/56      AC:  7    Str: 21    XL:     6   Next: 72%
Magic:  5/5        EV:  7    Int:  5    God:
Gold:   67         SH: 10    Dex: 11    Spells: 5/5 levels left

rFire    . . .     SeeInvis .   a - +0 war axe
rCold    . . .     Gourm    .   c - +0 kite shield
rNeg     . . .     Faith    .   b - +0 scale mail
rPois    .         Spirit   .   (helmet restricted)
rElec    .         Reflect  .   (no cloak)
rCorr    .         Harm     .   (no gloves)
MR       .....                  (no boots)
Stlth    ..........             (no amulet)
HPRegen  0.18/turn              (no ring)
MPRegen  0.09/turn              (no ring)

@: no status effects
A: retaliatory headbutt, horns 2
a: no special abilities


You were on level 4 of the Dungeon.
You were not hungry.

You visited 1 branch of the dungeon, and saw 5 of its levels.

You collected 67 gold pieces.

Inventory:

Hand Weapons
 a - a +0 war axe (weapon)
Armour
 b - a +0 scale mail (worn)
 c - a +0 kite shield (worn)
Jewellery
 m - an uncursed ring of ice {unknown}
   (You found it on level 2 of the Dungeon)
Scrolls
 g - a scroll of fog {unknown}
 h - a scroll of remove curse {unknown}
 j - a scroll of enchant weapon {unknown}
 o - a scroll of enchant armour {unknown}
 p - a scroll of identify {unknown}
Potions
 d - a potion of might
 i - a potion of flight {unknown}
 k - a potion of invisibility
 l - a potion of stabbing {unknown}
 n - a potion of haste {unknown}
Comestibles
 e - 3 rations
 f - a chunk of flesh


   Skills:
 + Level 5.2 Fighting
 * Level 5.8 Axes
 + Level 5.2 Armour
 + Level 5.2 Shields


You had 5 spell levels left.
You didn't know any spells.
Your spell library was empty.

Dungeon Overview and Level Annotations

Branches:
Dungeon (5/15)
 Temple: D:4-7

Altars:

Annotations:
D:5 1 runed translucent door


Innate Abilities, Weirdness & Mutations

You reflexively headbutt those who attack you in melee.
You have a pair of horns on your head.


Message History

You are too injured to fight recklessly!
You are too injured to fight recklessly!
You are too injured to fight recklessly!
You are too injured to fight recklessly!
Unknown command.
Unknown command.
Your shield and scale mail prevent you from hitting the phantom.
You headbutt the phantom!
The phantom is heavily damaged.
The phantom blinks!
There is a stone staircase leading down here.
The phantom barely misses you.
You miss the phantom.
The phantom is heavily damaged.
The phantom hits you!
* * * LOW HITPOINT WARNING * * *
You hit the phantom but do no damage.
The phantom is heavily damaged.
The phantom hits you.
You die...

#.#####.# #.#...#.####
#.##..#....#
#.##....<#.#
######.##.#####.##
#................#
#.####.###########
#.####.##########.
#@W...........##..
####.#.....####...
#.#####.####... #.#
#....#... #.# #.##.'...
##########.#####.##.'...
#................####...
#...........###### #...
#...........# #...


You could see a phantom.

Vanquished Creatures
  An ogre (D:5)
  A centaur skeleton (D:4)
  A hound (D:4)
  An iguana (D:4)
  7 worker ants (D:4)
  A gnoll (D:5)
  5 adders
  A shadow imp (D:4)
  An ooze (D:1)
  3 worms
  A dart slug (D:2)
  2 leopard geckos
  8 orcs
  A ball python (D:4)
  5 bats
  A hobgoblin (D:2)
  A kobold (D:1)
  A quokka (D:4)
  2 frilled lizards (D:2)
  3 goblins (D:2)
  2 rats
49 creatures vanquished.

Notes
Turn   | Place    | Note
-------+----------+-------------------------------------------
     0 | D:1      | Flugslaktarn the Minotaur Fighter began the quest for the
                  | Orb.
     0 | D:1      | Reached XP level 1. HP: 19/19 MP: 0/0
   139 | D:1      | Reached XP level 2. HP: 27/27 MP: 1/1
   274 | D:2      | Reached XP level 3. HP: 28/33 MP: 2/2
   633 | D:4      | Reached XP level 4. HP: 40/40 MP: 3/3
   732 | D:4      | Reached XP level 5. HP: 43/47 MP: 4/4
  1106 | D:4      | Reached skill level 5 in Axes
  1259 | D:4      | Reached XP level 6. HP: 44/55 MP: 5/5
  1429 | D:4      | Reached skill level 5 in Armour
  1588 | D:4      | Reached skill level 5 in Fighting
  1588 | D:4      | Reached skill level 5 in Shields
  1801 | D:5      | Entered Level 5 of the Dungeon
  1801 | D:5      | Found a runed translucent door.
  1819 | D:4      | Slain by a phantom

Illustrated notes

Levels and vault maps discovered:
D:1:      nagdon_arrival_zigzag_paths, layout_loops_ring
D:2:      layout_basic, uniq_jessica, uniq_crazy_yiuf_cottage
D:3:      layout_basic, old_standard_altar, lemuel_doored_altar,
          grunt_ministairs_5, uniq_terence
D:4:      layout_basic, kennysheep_cross_room, hex_large
D:5:      layout_loops_ring, ebering_ghost_sewer_f, first_ration,
          minmay_misc_feat_encased, uniq_grinder

Skill      XL: |  1  2  3  4  5  6 |
---------------+-------------------+-----
Axes           | 3 4 5 |  5.8
Armour         | 4 5 |  5.2
Fighting       | 4 5 |  5.2
Shields        | 4 5 |  5.2

Action                   |  1- 3 |  4- 6 || total
-------------------------+-------+-------++-------
Melee: War axe           |    51 |    79 ||   130
       Headbutt          |    11 |    16 ||    27
  Eat: Chunk             |       |     3 ||     3
Armor: Scale mail        |    20 |    23 ||    43
Dodge: Dodged            |    18 |    19 ||    37
Block: Kite shield       |    22 |    37 ||    59

Table legend:
 A = Non-vault XP
 B = Vault XP
 C = Vault XP percentage of total XP
 D = Non-vault monster count
 E = Vault monster count
 F = Vault count percentage of total count
                 A         B        C        D         E       F
            +---------+---------+-------+---------+---------+-------
      Total |     617 |      19 |   3.0 |      47 |       2 |   4.1
            +---------+---------+-------+---------+---------+-------
        D:1 |      13 |       0 |   0.0 |       5 |       0 |   0.0
        D:2 |      34 |       0 |   0.0 |      12 |       0 |   0.0
        D:3 |      10 |      19 |  65.5 |       3 |       2 |  40.0
        D:4 |     433 |       0 |   0.0 |      25 |       0 |   0.0
        D:5 |     127 |       0 |   0.0 |       2 |       0 |   0.0
            +---------+---------+-------+---------+---------+-------
